 Dungeon Crawl Stone Soup version 0.30-b1-2-g02819fbbbe (webtiles) character file.

Game seed: 2439198976783048612

51 Alarkh the Sneak (level 3, 29/29 HPs)
             Began as a Demonspawn Delver on May 23, 2023.
             Got out of the dungeon alive.
             The game lasted 00:01:36 (1030 turns).

Alarkh the Sneak (Demonspawn Delver)                Turns: 1030, Time: 00:01:37

Health: 29/29      AC:  3    Str: 12    XL:     3   Next: 58%
Magic:  3/3        EV: 12    Int: 13    God:
Gold:   58         SH:  0    Dex: 17    Spells: 2/2 levels left

rFire   . . .        i - +2 arbalest of Contradiction {penet, Dex+3}
rCold   . . .        (shield currently unavailable)
rNeg    . . .        a - +0 leather armour
rPois   .            (no helmet)
rElec   .            (no cloak)
rCorr   .            (no gloves)
SInv    .            (no boots)
Will    .....        (no amulet)
Stlth   +++          (no ring)
HPRegen 0.24/turn    (no ring)
MPRegen 0.08/turn

%: no passive effects
@: no status effects
A: foul stench 1, demonic magic 1
a: no special abilities


You escaped.
You visited 1 branch of the dungeon, and saw 5 of its levels.

You collected 58 gold pieces.

Inventory:

Hand Weapons
 i - the +2 arbalest of Contradiction (weapon) {penet, Dex+3}
   (You found it on level 2 of the Dungeon)

   Dex:       It affects your dexterity (+3).
Armour
 a - a +0 leather armour (worn)
 l - a +2 hat
Wands
 f - a wand of digging (3)
 g - a wand of polymorph (13)
Scrolls
 b - a scroll of fog
 c - a scroll of magic mapping
 d - 2 scrolls of fear
 h - a scroll of identify {unknown}
 k - 3 scrolls of teleportation {unknown}
 n - 2 scrolls of poison {unknown}
Potions
 e - a potion of haste
 j - 2 potions of heal wounds {unknown}
 m - a potion of invisibility {unknown}
 o - a potion of degeneration {unknown}


   Skills:
 - Level 3.0 Fighting
 - Level 1.7 Dodging
 - Level 4.5 Stealth
 + Level 3.6 Unarmed Combat


You had 2 spell levels left.
You didn't know any spells.
Your spell library was empty.

Dungeon Overview and Level Annotations

Branches:
Dungeon (5/15)
 Temple: D:4-7

Altars:
Wu Jian

Shops:
D:2 (


Innate Abilities, Weirdness & Mutations

You may rarely emit foul miasma when damaged in melee.
Spells you cast may paralyse adjacent enemies.


Message History

A bat is nearby!
You shoot a bolt. The bolt pierces through the bat!
You kill the bat!
No target in view!
There is a stone staircase leading down here.
A ball python comes into view.
A ball python is nearby!
A ball python is nearby!
You shoot a bolt.
The bolt pierces through the ball python.
You kill the ball python!
No target in view!
A hobgoblin comes into view.
A hobgoblin is nearby!
A hobgoblin is nearby!
You shoot a bolt. The bolt pierces through the hobgoblin!
You kill the hobgoblin!
No target in view!
A hobgoblin comes into view.
Found a lumpy green potion.
A hobgoblin is nearby!
A hobgoblin is nearby!
You shoot a bolt. The bolt pierces through the hobgoblin.
The hobgoblin shouts!
The hobgoblin is almost dead.
You shoot a bolt. The bolt closely misses the hobgoblin.
You shoot a bolt.
The bolt pierces through the hobgoblin!!
You kill the hobgoblin!
j - 2 lumpy green potions (gained 1)
You see here 6 large rocks.
Done exploring.
Done exploring.
Done exploring.
(D) Dungeon
Where to? (Enter - D:5 @ (x,y), ? - help)
Okay, then.
There is a staircase leading out of the dungeon here.
Are you sure you want to leave the Dungeon?
This will make you lose the game!
You have escaped!

#.# #.###.###..##.###.........
#.####.###.#...#.###.##.#.....
#.#.###.##.##.##.##.###.#.##..
#....###.##.#.#.##.###..#.####
#####.###.#.#.#.#.###.#.#.# #
##..##.##.##.##..##...#
###..#.....#..####.###
########.....#####.#.######
#.........@...............#
########.....#####.######.#
###..#.....#..#### #.#
##..##.##.##.##..## #.# #
##.###.#.#.#.#.###.## #.# ##
##.###.##.#.#.##.###.## #.. .##
##.###.##.##.##.##.###.####..
#.###..##.###.#...#.###.##.......
##.......###.###.###.###...##.###


There were no monsters in sight!

Vanquished Creatures
  2 adders (D:2)
  A dart slug (D:3)
  4 ball pythons
  2 endoplasms (D:2)
  5 goblins
  4 hobgoblins
  3 kobolds (D:1)
  3 bats
  4 frilled lizards
  4 rats
32 creatures vanquished.

Notes
Turn   | Place    | Note
-------+----------+-------------------------------------------
     0 | D:5      | Alarkh the Demonspawn Delver began the quest for the Orb.
     0 | D:5      | Reached XP level 1. HP: 18/18 MP: 1/1
     8 | D:4      | Noticed a hound
   129 | D:3      | Noticed a kobold brigand
   165 | D:3      | Gained mutation: Spells you cast may paralyse adjacent
                  | enemies. [demonic ancestry]
   165 | D:3      | Reached XP level 2. HP: 24/24 MP: 2/2
   179 | D:2      | Identified the +2 arbalest of Contradiction {penet, Dex+3}
   196 | D:2      | Found an ornate altar of the Wu Jian Council.
   283 | D:2      | Found Esopluq's Weapon Boutique.
   285 | D:2      | Gained mutation: You may rarely emit foul miasma when
                  | damaged in melee. [demonic ancestry]
   285 | D:2      | Reached XP level 3. HP: 29/29 MP: 3/3
  1030 | D:$      | Got out of the dungeon alive.

Illustrated notes

Levels and vault maps discovered:
D:1:      spicycebolla_arrival_xxxplode, layout_loops_ring
D:2:      layout_loops_ring, serial_shops, shop, basic_altar
D:3:      layout_loops_corners, tgw_sif, evilmike_ruin_ashenzari,
          tgw_kikubaaqudgha, mainiacjoe_overflow_tiny_flanked, uniq_jessica
D:4:      layout_rooms, uniq_duvessa, uniq_blork_the_orc, uniq_pikel
D:5:      layout_rooms, serial_curves, eino_curves_04, eino_curves_02,
          st_stairs_6, doesnt_shop_hydraphobe, uniq_ijyb

Skill      XL: |  1  2 |
---------------+-------+-----
Unarmed Combat | 2 3 |  3.6
Fighting       | |  3.0
Dodging        | |  1.7
Stealth        | |  4.5

Action                     || total
---------------------------++-------
  Melee: Unarmed           ||    26
         Punch             ||     1
   Fire: Arbalest          ||    44
   Stab: Sleeping          ||     1
 Armour: Leather armour    ||     9
  Dodge: Dodged            ||    27
